 Dungeon Crawl Stone Soup version 0.27.1-33-g824d729ab1 (webtiles) character file.

Game seed: 6710763400979633886

12 zeram the Firebug (level 2, -1/15 HPs)
             Began as a Deep Elf Fire Elementalist on Dec 21, 2021.
             Slain by a frilled lizard (2 damage)
             ... on level 1 of the Dungeon.
             The game lasted 00:00:56 (331 turns).

zeram the Firebug (Deep Elf Fire Elementalist)       Turns: 331, Time: 00:00:57

Health: -1/15      AC:  2    Str:  5    XL:     2   Next: 20%
Magic:  8/8        EV: 13    Int: 19    God:
Gold:   32         SH:  0    Dex: 15    Spells: 6/7 levels left

rFire    . . .     SeeInvis .   b - +1 spear (vorpal)
rCold    . . .     Faith    .   (no shield)
rNeg     . . .     Spirit   .   a - +0 robe
rPois    .         Reflect  .   (no helmet)
rElec    .         Harm     .   (no cloak)
rCorr    .         Rampage  .   (no gloves)
Will     .....                  (no boots)
Stlth    ++........             (no amulet)
HPRegen  0.05/turn              (no ring)
MPRegen  0.11/turn              (no ring)

@: no status effects
A: no striking features
a: no special abilities


You were on level 1 of the Dungeon.
You visited 1 branch of the dungeon, and saw 1 of its levels.

You collected 32 gold pieces.

Inventory:

Hand Weapons
 b - a +1 vorpal spear (weapon)
Armour
 a - a +0 robe (worn)
Jewellery
 d - a +4 ring of slaying


   Skills:
 + Level 2.7 Dodging
 - Level 2.4 Stealth
 + Level 3.1 Spellcasting
 + Level 1.1 Conjurations
 + Level 3.8 Fire Magic


You had 6 spell levels left.
You knew the following spells:

 Your Spells              Type           Power      Damage    Failure   Level
a - Foxfire               Conj/Fire      48%        2x1d6     5%          1

Your spell library contained the following spells:

 Spells                   Type           Power      Damage    Failure   Level
 Conjure Flame            Conj/Fire      12%        6-21      16%         3
 Inner Flame              Hex/Fire       10%        N/A       21%         3
 Sticky Flame             Conj/Fire      12%        2d4       47%         4
 Fireball                 Conj/Fire      6%         3d5       83%         5


Dungeon Overview and Level Annotations

Branches:
Dungeon (1/15)

Altars:


Message History

The frilled lizard bites you but does no damage.
The frilled lizard bites you. The frilled lizard misses you.
The frilled lizard barely misses you. x2
You hit the ball python.
You kill the ball python!
The frilled lizard bites you. x3
* * * LOW HITPOINT WARNING * * *
The frilled lizard misses you.
You are too injured to fight recklessly!
You are too injured to fight recklessly!
You are too injured to fight recklessly!
You are too injured to fight recklessly!
You are too injured to fight recklessly!
You are too injured to fight recklessly!
You are too injured to fight recklessly!
You are too injured to fight recklessly!
You are too injured to fight recklessly!
You are too injured to fight recklessly!
You are too injured to fight recklessly!
You are too injured to fight recklessly!
You are too injured to fight recklessly!
You are too injured to fight recklessly!
You are too injured to fight recklessly!
You are too injured to fight recklessly!
You are too injured to fight recklessly!
You are too injured to fight recklessly!
You are too injured to fight recklessly!
You are too injured to fight recklessly!
Unknown command.
The frilled lizard bites you.
* * * LOW HITPOINT WARNING * * *
The frilled lizard unfolds its giant frill.
There is an open door here.
It was a potion of magic.
Magic courses through your body. The frilled lizard barely misses you.
Casting: Foxfire (safe; 5% risk of failure)
Confirm with . or Enter, or press ? or * to list all spells.
Okay, then.
You closely miss the frilled lizard. The frilled lizard bites you.
You die...

.# #...####.....'...+.#.....##.
.# #...####.#.####'##...######.
.# #...##...#.####.###.#######.
.# #....#.###.#....# #.###..#..
.# ###....'##...#.######.##..#'..
...........##.###......#.##.##...
............#...######.#....#....
............###..#.....######....
..............##@#.###...##......
######....⌠...ll## ####'....⌠..
#...........###+###.........
#...........lr..............
#...........ll†..##########.
#................># .
#.#############...... # #. ...≈≈.
# .≈≈≈≈


You could see 2 frilled lizards.

Vanquished Creatures
  An endoplasm (D:1)
  2 giant cockroaches (D:1)
  A goblin (D:1)
  A kobold (D:1)
  2 quokkas (D:1)
  A ball python (D:1)
  A bat (D:1)
  A frilled lizard (D:1)
  A rat (D:1)
11 creatures vanquished.

Vanquished Creatures (others)
  17 foxfires (D:1)
  A plant (D:1)
18 creatures vanquished.

Grand Total: 29 creatures vanquished

Notes
Turn   | Place    | Note
-------+----------+-------------------------------------------
     0 | D:1      | zeram the Deep Elf Fire Elementalist began the quest for
                  | the Orb.
     0 | D:1      | Reached XP level 1. HP: 10/10 MP: 6/6
   173 | D:1      | Reached XP level 2. HP: 15/15 MP: 8/8
   331 | D:1      | Slain by a frilled lizard

Illustrated notes

Levels and vault maps discovered:
D:1:      nicolae_arrival_somewhat_less_tricky_arrival, layout_basic,
          shapermc_ecumenical_altar_acropolis, minmay_lizard_pond

Action                   || total
-------------------------++-------
Melee: Spear             ||    16
 Cast: Foxfire           ||     9
  Use: Potion            ||     1
 Stab: Sleeping          ||     1
Armor: Robe              ||     3
Dodge: Dodged            ||    17
